 Dungeon Crawl Stone Soup version 0.28-a0-1435-g82390b3a13 (webtiles) character file.

Game seed: 14758294683830875606

1535155 freelancePsychic the Petrodigitator (level 26, 174/174 HPs)
             Began as a Gargoyle Earth Elementalist on Jan 9, 2022.
             Was the Champion of Vehumet.
             Escaped with the Orb
             ... and 3 runes!
             The game lasted 03:01:59 (77132 turns).

freelancePsychic the Petrodigitator (GrEE)         Turns: 77132, Time: 03:02:00

Health: 174/174    AC: 47    Str: 19    XL:     26   Next: 14%
Magic:  54/54      EV: 17    Int: 39    God:    Vehumet [******]
Gold:   1206       SH:  9    Dex: 15    Spells: 20/61 levels left

rFire   + + .      SeeInvis .   b - staff of fire
rCold   + + +      Faith    .   i - +3 buckler
rNeg    + + .      Spirit   .   K - +3 pearl dragon scales of Voamaan {rN+ Int+5}
rPois   ∞          Reflect  .   (helmet restricted)
rElec   +          Harm     .   n - +0 cloak of the Game of Kings {+Blink rPois rC++ rCorr}
rCorr   +          Rampage  .   S - +2 pair of gloves
Will    ++...                   R - +0 pair of boots "Ywuej" {rC+ Str+3 Int-2}
Stlth   ..........              g - amulet of regeneration
HPRegen 1.19/turn               x - ring "Miqyddee" {rElec rF+ Will+ Int+2 Dex+3}
MPRegen 0.34/turn               T - ring "Fephun" {MP+9 Int+4}

@: flying
A: sickness immunity, AC +20, big wings, negative energy resistance 1,
electricity resistance, torment resistance 1, petrification resistance, horns 1,
agile 1, clever 2, inhibited regeneration, strong 1
0: Orb of Zot
}: 3/15 runes: serpentine, slimy, gossamer
a: Renounce Religion, Evoke Blink


You escaped.
You worshipped Vehumet.
Vehumet was exalted by your worship.
You visited 12 branches of the dungeon, and saw 54 of its levels.
You visited 1 bazaar.
You also visited: Trove, Gauntlet and Ice Cave.

You collected 5630 gold pieces.
You spent 4424 gold pieces at shops.

Inventory:

Missiles
 H - 4 throwing nets
Armour
 f - a +2 tower shield of cold resistance
 h - a scarf of repulsion
 i - a +3 buckler (worn)
 n - the +0 cloak of the Game of Kings (worn) {+Blink rPois rC++ rCorr}
   (You found it in a treasure trove)

   rC:        It greatly protects you from cold.
   rPois:     It protects you from poison.
   +Blink:    It lets you blink.
   rCorr:     It protects you from acid and corrosion.
 F - a +2 helmet
 G - a +0 kite shield
 K - the +3 pearl dragon scales of Voamaan (worn) {rN+ Int+5}
   (You bought it in a shop on level 3 of the Dungeon)

   Int:       It affects your intelligence (+5).
   rN:        It protects you from negative energy.
 R - the +0 pair of boots "Ywuej" (worn) {rC+ Str+3 Int-2}
   (You found it in a Gauntlet)

   Str:       It affects your strength (+3).
   Int:       It affects your intelligence (-2).
   rC:        It protects you from cold.
 S - a +2 pair of gloves (worn)
Magical Staves
 a - a staff of conjuration
 b - a staff of fire (weapon)
Jewellery
 g - an amulet of regeneration (around neck)
 m - the ring "Gecsaral" {rPois rC+ Will+ rCorr}
   (You took it off a deep elf blademaster on level 3 of the Elven Halls)

   [ring of poison resistance]

   rC:        It protects you from cold.
   rPois:     It protects you from poison.
   rCorr:     It protects you from acid and corrosion.
   Will:      It increases your willpower.
 s - an amulet of reflection
 u - the brooch of Shielding {Spirit SH+8}
   (You found it on level 5 of the Pits of Slime)

   [amulet of guardian spirit]

   It causes incoming damage to be divided between your reserves of health and
   magic.
   SH:        It affects your SH (+8).
 x - the ring "Miqyddee" (left hand) {rElec rF+ Will+ Int+2 Dex+3}
   (You acquired it in a Gauntlet)

   [ring of protection from fire]

   Int:       It affects your intelligence (+2).
   Dex:       It affects your dexterity (+3).
   rF:        It protects you from fire.
   rElec:     It insulates you from electricity.
   Will:      It increases your willpower.
 J - the ring "Cushry Yhimo" {rCorr Int+4}
   (You found it on level 4 of the Depths)

   [ring of resist corrosion]

   Int:       It affects your intelligence (+4).
   rCorr:     It protects you from acid and corrosion.
 T - the ring "Fephun" (right hand) {MP+9 Int+4}
   (You found it on level 11 of the Dungeon)

   [ring of magical power]

   Int:       It affects your intelligence (+4).
   MP:        It affects your magic capacity (+9).
Wands
 p - a wand of flame (71)
 w - a wand of acid (35)
 E - a wand of iceblast (34)
 Q - a wand of mindburst (33)
 Y - a wand of digging (10)
Scrolls
 c - a scroll of holy word
 e - a scroll of summoning
 j - a scroll of enchant armour
 q - 11 scrolls of teleportation {@r4}
 t - 7 scrolls of fog
 y - a scroll of immolation
 B - 5 scrolls of fear
 C - a scroll of amnesia
 D - 3 scrolls of blinking
 M - 11 scrolls of identify {@r1}
 O - 2 scrolls of silence
 U - 3 scrolls of brand weapon
 V - 7 scrolls of enchant weapon
Potions
 l - 5 potions of mutation
 o - 14 potions of heal wounds {@q2}
 r - 10 potions of might
 v - 4 potions of ambrosia
 A - 15 potions of curing {@q1}
 I - 3 potions of berserk rage
 P - 2 potions of resistance
 W - 4 potions of cancellation
 Z - 6 potions of attraction


   Skills:
 - Level 20.0 Fighting
 - Level 15.3 Armour
 + Level 16.2 Dodging
 - Level 2.1 Stealth
 - Level 7.8 Shields
 + Level 18.3 Spellcasting
 - Level 14.2 Conjurations
 - Level 9.2 Transmutations
 O Level 27 Earth Magic
 - Level 10.3 Poison Magic


You had 20 spell levels left.
You knew the following spells:

 Your Spells              Type           Power      Damage    Failure   Level
a - Iron Shot             Conj/Erth      57%        9d11      1%          6
b - Eringya's Noxious Bo  Tmut/Pois      42%        N/A       1%          6
c - Ignite Poison         Fire/Tmut/Pois 92%        N/A       1%          3
d - Shatter               Erth           64%        3d47*     1%          9
e - Lee's Rapid Deconstr  Erth           64%        3d30*     0%          5
f - Orb of Destruction    Conj           49%        9d15      1%          7
h - Irradiate             Conj/Tmut      45%        3d28      1%          5

Your spell library contained the following spells:

 Spells                   Type           Power      Damage    Failure   Level
 Chain Lightning          Conj/Air       37%        3d49      100%        9
 Fire Storm               Conj/Fire      47%        8d12      100%        9
 Magic Dart               Conj           100%       1d8       0%          1
 Sandblast                Erth           100%       2d20      0%          1
 Passwall                 Tmut/Erth      90%        N/A       0%          2
 Stone Arrow              Conj/Erth      100%       3d13      0%          3
 Petrify                  Tmut/Erth      100%       N/A       0%          4
 Foxfire                  Conj/Fire      100%       2x1d9     1%          1
 Shock                    Conj/Air       100%       1d9       1%          1
 Sting                    Tmut/Pois      100%       1d8       1%          1
 Poisonous Vapours        Pois/Air       100%       N/A       1%          2
 Static Discharge         Conj/Air       74%        N/A       1%          2
 Wereblood                Tmut           83%        N/A       1%          2
 Conjure Flame            Conj/Fire      95%        6-21      1%          3
 Dazzling Flash           Conj/Hex       100%       N/A       1%          3
 Mephitic Cloud           Conj/Pois/Air  79%        N/A       1%          3
 Spider Form              Tmut/Pois      84%        N/A       1%          3
 Flame Wave               Conj/Fire      95%        2d13      1%          4
 Hailstorm                Conj/Ice       74%        3d15      1%          4
 Leda's Liquefaction      Hex/Erth       48%        N/A       1%          4
 Olgreb's Toxic Radiance  Pois           86%        N/A       1%          4
 Sticky Flame             Conj/Fire      95%        2d10      1%          4
 Alistair's Intoxication  Tmut/Pois      56%        N/A       1%          5
 Blade Hands              Tmut           41%        N/A       1%          5
 Fireball                 Conj/Fire      47%        3d19      1%          5
 Iskenderun's Battlesphe  Conj           98%        2d14      1%          5
 Lightning Bolt           Conj/Air       37%        1d55      1%          5
 Animate Skeleton         Necr           70%        N/A       2%          1
 Apportation              Tloc           70%        N/A       2%          1
 Pain                     Necr           100%       1d9       2%          1
 Summon Small Mammal      Summ           100%       N/A       2%          1
 Inner Flame              Hex/Fire       52%        N/A       2%          3
 Ice Form                 Ice/Tmut       64%        N/A       3%          4
 Freezing Cloud           Conj/Ice/Air   32%        6-21      3%          5
 Yara's Violent Unravell  Hex/Tmut       32%        3d13      3%          5
 Blink                    Tloc           70%        N/A       4%          2
 Call Imp                 Summ           35%        N/A       4%          2
 Ensorcelled Hibernation  Hex/Ice        70%        N/A       4%          2
 Conjure Ball Lightning   Conj/Air       37%        3x3d12    6%          6
 Airstrike                Air            17%        N/A       7%          4
 Confusing Touch          Hex            35%        N/A       8%          3
 Gell's Gravitas          Tloc           35%        N/A       8%          3
 Lesser Beckoning         Tloc           35%        N/A       8%          3
 Swiftness                Air            35%        N/A       8%          3
 Teleport Other           Tloc           35%        N/A       8%          3
 Vampiric Draining        Necr           35%        2d8       8%          3
 Cause Fear               Hex            17%        N/A       26%         4
 Summon Lightning Spire   Summ/Air       35%        N/A       26%         4
 Dragon Form              Tmut           41%        N/A       43%         7
 Agony                    Necr           35%        N/A       58%         5
 Manifold Assault         Tloc           35%        N/A       58%         5
 Silence                  Hex/Air        17%        N/A       58%         5
 Summon Forest            Summ/Tloc      17%        N/A       58%         5
 Summon Mana Viper        Hex/Summ       35%        N/A       58%         5
 Storm Form               Tmut/Air       32%        N/A       97%         7
 Dispersal                Tloc           17%        N/A       99%         6
 Simulacrum               Ice/Necr       17%        N/A       99%         6
 Summon Cactus Giant      Summ           17%        N/A       99%         6
 Enfeeble                 Hex            17%        N/A       100%        7
 Malign Gateway           Summ/Tloc      17%        N/A       100%        7
 Summon Hydra             Summ           17%        N/A       100%        7
 Discord                  Hex            17%        N/A       100%        8
 Maxwell's Capacitive Co  Air            17%        ∞         100%        8
 Summon Horrible Things   Summ           17%        N/A       100%        8
 Polar Vortex             Ice            17%        N/A       100%        9
 Statue Form              Tmut/Erth      Unusable   N/A       N/A         6
 Sublimation of Blood     Necr           Unusable   N/A       N/A         2

Dungeon Overview and Level Annotations

Branches:
Dungeon (15/15)            Temple (1/1) D:4            Lair (6/6) D:10
  Snake (4/4) Lair:3       Spider (4/4) Lair:3        Slime (5/5) Lair:6
    Orc (2/2) D:11            Elf (3/3) Orc:2        Vaults (4/5) D:14
  Crypt (0/3) Vaults:2     Depths (4/4) D:15           Hell (visited)
    Zot (5/5) Depths:4      IceCv (visited)         Gauntlet (visited)
    Dis: Hell:1         Geh: Hell:1         Coc: Hell:1         Tar: Hell:1

Altars:
Ashenzari
Cheibriados
Dithmenos
Elyvilon
Fedhas
Gozag
Hepliaklqana
Kikubaaqudgha
Makhleb
Nemelex Xobeh
Ru
Sif Muna
Trog
Uskayaw
Vehumet
Wu Jian
Xom
Zin
The Shining One
Jiyva

Shops:
D:1 [   D:3 [   D:12 (   D:13 :   Orc:2 :*!=   Elf:1 *   Elf:2 *   Snake:1 (?**
Snake:2 (   Snake:4 **:=:(   Vaults:1 *   Vaults:2 =   Vaults:4 !   Depths:2 [
Depths:3 =

Portals:
Hell: Depths:2 Depths:3
Abyss: Vaults:2

Annotations:
D:7 2 transporters, DarkBird's ghost, novice DsGl
D:9 Maurice
D:10 2 runed translucent doors, gameguard's ghost, novice DsBr
D:15 2 transporters, Sexan's ghost, journeyman TrBe
Lair:2 exclusion: oklob plant
Lair:4 exclusion: oklob plant
Elf:2 4 runed translucent doors, taxman66's ghost, adept DrFE
Vaults:2 2 transporters, Wetuzyl's ghost, veteran DrFi


Innate Abilities, Weirdness & Mutations

You are immune to sickness and miasma.
Your stone body is resilient. (AC +20)
You are immune to poison.
Your large and strong wings let you fly.
You resist negative energy. (rN+)
You are resistant to electric shocks. (rElec)
You are resistant to unholy torment.
You are immune to petrification.
You have a pair of small horns on your head.
You are agile. (Dex +2)
Your mind is very acute. (Int +4)
You do not regenerate when monsters are visible.
Your muscles are strong. (Str +2)


Message History

You barely miss something. Something hits you!
You feel your power leaking away.
Casting: Iron Shot (safe; 1% risk of failure)
Confirm with . or Enter, or press ? or * to list all spells.
You erupt in a fountain of uncontrolled magic!
Something is blasted with magical radiation!!!
You are very lightly contaminated with residual magic.
Something hits you but does no damage.
Casting: Irradiate (safe; 1% risk of failure)
Confirm with . or Enter, or press ? or * to list all spells.
You erupt in a fountain of uncontrolled magic!
Something is blasted with magical radiation!!!
Vehumet accepts your kill.
You feel your power returning.
Reactivating autopickup.
You feel a bit more experienced.
(D) Dungeon (T) Temple (L) Lair (P) Snake Pit (N) Spider Nest (M) Slime Pits (O) Orcish Mines (E) Elven Halls (V) Vaults (C) Crypt (U) Depths (H) Hell (Z) Zot
Where to? (Enter - D:1, ? - help) HP restored.
There is an open door here.
Your magical contamination has completely faded away.
There is a stone staircase leading up here.
You fly upwards.
There is a stone staircase leading down here.
There is an open door here.
There is a stone staircase leading up here.
You fly upwards.
There is a stone staircase leading down here.
There is a stone staircase leading up here.
You fly upwards.
There is a stone staircase leading down here.
Magic restored.
There is a stone staircase leading up here.
You fly upwards.
There is a stone staircase leading down here.
There is a staircase leading out of the dungeon here.
You have escaped!

# #.#
#.....≈.≈........###.#
# #.#
###.........#........#
# #.#
#..#...#..##.####### #
#.# #.........##.#
####.## #.........##.#
>.....# #..#...#..##.#
####..# #.........##.#
#..# #.........##.#
#..## #....@....#..#
#...## ###########.##
##)..# #.......##.#
##..# #.......##.#
#..#####.########.#
#.................#
#.###.#############
#.....# #######


There were no monsters in sight!

Vanquished Creatures
  the Royal Jelly (Slime:5)
  A dread lich (Zot:5)
  10 orbs of fire
  3 ancient liches
  3 juggernauts
  A shard shrike (IceCv)
  2 pandemonium lords
  4 Killer Klowns (Zot:5)
  Vashnia (Snake:3)
  Frederick (Vaults:3)
  A golden dragon (Zot:1)
  A caustic shrike (Depths:2)
  Geryon (Hell)
  2 bone dragons (Depths:4)
  Arachne (Spider:3)
  A Tzitzimitl (D:6)
  A Brimstone Fiend (Zot:5)
  7 tentacled monstrosities
  2 electric golems (Zot:5)
  A walking earthen tome (Depths:3)
  Asterion (Spider:4)
  The ghost of Meicwirr the Brawler, an adept OgTm of Gozag (Snake:3)
  23 Orb Guardians
  4 deep elf blademasters (Elf:3)
  2 titans
  5 liches
  2 deep elf master archers (Elf:3)
  13 acid blobs (Slime:5)
  3 quicksilver dragons
  3 sphinxes
  5 tengu reavers
  2 ancient champions (Hell)
  2 death cobs
  8 azure jellies
  A shadow dragon (Zot:3)
  Donald (Snake:3)
  Kirke (Spider:1)
  7 storm dragons
  16 fire giants
  A draconian monk (Zot:1)
  2 draconian knights
  6 emperor scorpions
  17 frost giants
  3 nagarajas
  8 rockslimes
  A draconian scorcher (Zot:3)
  7 vault wardens
  6 deep elf sorcerers (Elf:3)
  An iron dragon (Vaults:3)
  7 ghost moths
  An angel (Zot:5)
  A draconian shifter (Zot:1)
  A draconian annihilator (Zot:1)
  4 draconian stormcallers
  2 deep elf elementalists (Elf:3)
  An orc warlord (Vaults:1)
  3 balrugs
  7 reapers
  A demonspawn corrupter (D:12)
  8 quicksilver oozes (Slime:5)
  A spriggan defender (Depths:2)
  13 stone giants
  14 very ugly things
  12 ironbound preservers
  5 ironbound thunderhulks
  3 war gargoyles
  7 deep elf demonologists (Elf:3)
  7 green draconians
  2 vampire knights (Depths:4)
  2 entropy weavers
  8 deep elf annihilators (Elf:3)
  2 lorocyprocas
  11 dire elephants
  A demonspawn black sun (D:12)
  7 white draconians
  7 black draconians
  A minotaur (Gauntlet)
  12 spark wasps
  9 yellow draconians
  7 purple draconians
  6 red draconians
  2 crystal guardians
  6 deep elf death magi
  A jiangshi (Vaults:2)
  An iron golem (Hell)
  8 fire dragons
  15 ettins
  10 yaktaur captains
  A spriggan zombie (Hell)
  10 great orbs of eyes
  6 deep elf high priests (Elf:3)
  7 hydras
  16 boulder beetles
  8 vault guards
  2 salamander tyrants (Snake:4)
  2 rakshasas
  2 peacekeepers
  2 jorogumos
  An ogre mage (D:13)
  8 ice dragons
  5 spriggan air magi
  5 centaur warriors
  2 hell beasts
  14 naga warriors
  12 ironbound frosthearts
  A radroach (Spider:4)
  6 anacondas
  8 two-headed ogres
  15 dancing weapons
  2 vampire magi
  2 tengu warriors
  5 hell hogs (Hell)
  15 naga sharpshooters
  2 spriggan berserkers (Depths:3)
  8 deep troll shamans
  9 deep troll earth magi
  5 orc high priests
  16 hell knights
  8 shock serpents
  Sonja (D:11)
  Urug (D:11)
  4 crystal echidnas (Hell)
  3 soul eaters (Hell)
  13 iron trolls
  9 deep elf knights
  3 sun demons
  A fire crab (shapeshifter) (Depths:3)
  2 spriggans (Depths:3)
  A sun moth (Spider:4)
  A sixfirhy (D:8)
  4 pharaoh ants
  A flayed ghost (Depths:3)
  A skeletal warrior (Vaults:2)
  2 salamander mystics
  2 shadow demons
  A quicksilver dragon simulacrum (Hell)
  5 steelbarb worms
  9 orb spiders
  2 glowing orange brains
  11 deep elf archers
  61 deep trolls
  11 naga ritualists
  5 ironbound convokers
  12 wizards
  24 deep elf zephyrmancers
  An orange crystal statue (IceCv)
  26 deep elf pyromancers
  6 lindwurms
  6 harpies
  3 phantasmal warriors (Hell)
  6 orc sorcerers
  12 wolf spiders
  9 orc knights
  A wolf spider (shapeshifter) (D:14)
  53 ugly things
  2 cyclopes
  6 necromancers
  2 shining eyes (Slime:5)
  9 mana vipers
  5 manticores
  12 salamanders
  20 moths of wrath
  3 guardian serpents
  A molten gargoyle (Hell)
  4 torpor snails
  An eye of devastation (Slime:4)
  11 vault sentinels
  A black mamba (shapeshifter) (D:13)
  24 black mambas
  11 cane toads
  An ice statue (Spider:1)
  A cane toad (shapeshifter) (D:14)
  A smoke demon (Hell)
  A gargoyle (D:11)
  17 elephants
  Joseph (D:10)
  14 naga magi
  An unseen horror (shapeshifter) (Vaults:3)
  2 orange demons
  Maggie (D:6)
  3 efreet
  4 ice devils
  41 yaktaurs
  15 rime drakes
  5 komodo dragons
  2 hellions
  6 demonic crawlers
  A hellwing (D:12)
  7 tengu conjurers
  9 meliai
  10 trolls
  26 polar bears
  2 red devils
  10 hornets
  25 blink frogs
  27 slime creatures
  A wolf spider simulacrum (Gauntlet)
  15 tarantellas
  A human simulacrum (Vaults:1)
  3 shadows
  26 jumping spiders
  A centaur simulacrum (Gauntlet)
  3 air elementals
  16 culicivoras
  A vampire (D:7)
  14 wyverns
  A ynoxinul (D:10)
  47 yaks
  3 fire bats (Gauntlet)
  8 water elementals
  4 hogs (Spider:2)
  8 wraiths
  6 fire elementals
  A hog (shapeshifter) (D:14)
  7 basilisks
  16 vampire mosquitoes
  A neqoxec (D:10)
  A steam dragon (D:10)
  53 redbacks
  5 wargs
  Menkaure (D:7)
  43 nagas
  A naga skeleton (Hell)
  6 hell hounds
  26 water moccasins
  2 floating eyes
  3 swamp drakes (D:11)
  3 ice beasts
  A sky beast (D:8)
  A hornet zombie (D:9)
  21 orc warriors
  2 black bears
  6 necrophages
  12 ogres
  A boggart (Vaults:2)
  7 centaurs
  A kobold brigand (D:11)
  10 bullfrogs
  6 earth elementals
  A bullfrog (shapeshifter) (D:13)
  2 gnoll sergeants
  4 scorpions
  A glowing shapeshifter simulacrum (Vaults:1)
  A water moccasin skeleton (D:4)
  A water moccasin zombie (D:5)
  11 killer bees
  2 troll zombies (D:11)
  4 wights (D:7)
  4 howler monkeys
  6 electric eels
  3 lava snakes (D:11)
  A wyvern simulacrum (Gauntlet)
  3 centaur zombies
  A gnoll shaman (D:9)
  3 hounds
  A jelly (D:4)
  24 orc priests
  2 bullfrog skeletons
  25 orc wizards
  3 iguanas
  A scorpion zombie (D:5)
  A killer bee zombie (D:7)
  6 ogre zombies (D:11)
  8 adders
  13 gnolls
  3 shadow imps
  An ufetubus (D:6)
  2 adder skeletons (D:4)
  A worm (D:2)
  A dart slug (D:4)
  47 orcs
  2 bats
  6 endoplasms
  2 giant cockroaches
  11 goblins
  7 hobgoblins
  5 jackals
  6 quokkas
  11 ball pythons
  3 frilled lizards
  A goblin skeleton (D:11)
  2 goblin zombies (D:11)
  A hobgoblin skeleton (D:11)
  2 hobgoblin zombies (D:11)
  7 kobolds
  2 orc skeletons (D:11)
  16 orc zombies (D:11)
  4 rats
  4 fungi (D:10)
  2 plants (D:10)
1952 creatures vanquished.

Vanquished Creatures (collateral kills)
  Jorgrun (D:13)
  An Orb Guardian (Zot:5)
  A reaper (Zot:5)
  3 vampire mosquitoes (D:13)
6 creatures vanquished.

Vanquished Creatures (others)
  A Killer Klown (Zot:5)
  An Orb Guardian (Zot:5)
  A deep elf master archer (Elf:3)
  An acid blob (Slime:5)
  2 fire giants
  2 azure jellies
  2 nagarajas
  An emperor scorpion (Spider:2)
  5 vault wardens
  2 deep elf elementalists
  An ironbound preserver (Vaults:3)
  2 broodmothers
  3 very ugly things (Depths:3)
  An entropy weaver (Spider:3)
  2 dire elephants
  A yellow draconian (Zot:3)
  A white draconian (Zot:3)
  Josephine (Snake:1)
  2 salamander tyrants
  2 boulder beetles (Spider:3)
  A yaktaur captain (Vaults:1)
  2 naga warriors
  6 anacondas
  An orc high priest (Elf:1)
  A hell knight (Depths:3)
  2 deep elf knights
  A shock serpent (Snake:3)
  4 salamander mystics
  3 steelbarb worms (Spider:3)
  8 deep trolls
  3 ironbound convokers
  3 deep elf archers
  2 orc knights (Vaults:1)
  4 deep elf zephyrmancers
  13 wolf spiders
  2 lindwurms (Vaults:4)
  A mana viper (Snake:1)
  An ugly thing (Vaults:4)
  16 salamanders
  15 black mambas
  A guardian serpent (Snake:3)
  7 naga magi
  A demonic crawler (Spider:2)
  4 yaktaurs
  14 slime creatures
  10 tarantellas
  8 jumping spiders
  2 culicivoras (Spider:3)
  2 humans (Spider:2)
  20 redbacks
  14 nagas
  An orc warrior (Elf:1)
  4 boggarts (Vaults:2)
  An orc (Elf:1)
  An orc zombie (D:11)
  A bush (Lair:2)
  91 fungi
  145 plants
450 creatures vanquished.

Grand Total: 2408 creatures vanquished

Notes
Turn   | Place    | Note
-------+----------+-------------------------------------------
     0 | D:1      | freelancePsychic the Gargoyle Earth Elementalist began the
                  | quest for the Orb.
     0 | D:1      | Reached XP level 1. HP: 10/10 MP: 3/3
   163 | D:1      | Reached XP level 2. HP: 15/15 MP: 3/5
   218 | D:1      | Reached skill level 1 in Conjurations
   269 | D:1      | Reached skill level 4 in Earth Magic
   497 | D:1      | Reached XP level 3. HP: 13/19 MP: 0/6
   844 | D:1      | Found Muagy's Antique Armour Boutique.
  1630 | D:2      | Found a faded altar of an unknown god.
  1695 | D:2      | Reached XP level 4. HP: 24/24 MP: 6/8
  2164 | D:2      | Learned a level 3 spell: Stone Arrow
  2588 | D:3      | Found a shimmering altar of Xom.
  2588 | D:3      | Found a shimmering altar of Xom.
  2589 | D:3      | Found a shimmering altar of Xom.
  2647 | D:3      | Found Jean Iso's Armour Shop.
  2989 | D:3      | Reached XP level 5. HP: 28/28 MP: 5/9
  3358 | D:4      | Reached skill level 5 in Earth Magic
  3863 | D:4      | Reached XP level 6. HP: 32/32 MP: 7/10
  4164 | D:4      | Found a broken altar of Ashenzari.
  4167 | D:4      | Found a glowing silver altar of Zin.
  4169 | D:4      | Found a snail-covered altar of Cheibriados.
  4245 | D:4      | Reached skill level 6 in Earth Magic
  4474 | D:4      | Found a staircase to the Ecumenical Temple.
  4704 | D:5      | Entered Level 5 of the Dungeon
  4809 | D:5      | Reached XP level 7. HP: 36/36 MP: 7/11
  4929 | D:5      | Reached skill level 5 in Conjurations
  4992 | D:5      | Found an opulent altar of Gozag.
  5028 | D:5      | Reached skill level 7 in Earth Magic
  5552 | D:6      | Reached skill level 1 in Fighting
  5552 | D:6      | Reached skill level 1 in Shields
  5552 | D:6      | Reached skill level 1 in Poison Magic
  5630 | D:6      | Noticed Maggie
  5642 | D:6      | Found a shadowy altar of Dithmenos.
  5895 | D:6      | Learned a level 4 spell: Olgreb's Toxic Radiance
  5904 | D:6      | Reached XP level 8. HP: 44/44 MP: 2/12
  5981 | D:6      | Noticed a +0 hand axe
  5982 | D:6      | Noticed a +0 hand axe
  5983 | D:6      | Found a hide-covered altar of Uskayaw.
  6555 | D:6      | Gained mutation: Your flesh is cold resistant. (rC+)
                  | [potion of mutation]
  6555 | D:6      | Gained mutation: You are frail. (-10% HP) [potion of
                  | mutation]
  6555 | D:6      | Gained mutation: You are agile. (Dex +2) [potion of
                  | mutation]
  6555 | D:6      | Gained mutation: You have sharp toenails. [potion of
                  | mutation]
  6574 | D:6      | Killed Maggie
  7291 | D:7      | Reached XP level 9. HP: 46/46 MP: 9/13
  7383 | D:7      | Reached skill level 5 in Fighting
  7383 | D:7      | Reached skill level 5 in Poison Magic
  7972 | D:7      | Found a transporter.
  7972 | D:7      | Noticed DarkBird's ghost (novice DsGl)
  7973 | D:7      | Found a transporter.
  7975 | D:7      | Identified the +6 giant spiked club of Yhabbuz {vamp, rC+
                  | Will++ Str+4}
  7975 | D:7      | Noticed a two-headed ogre
  8097 | D:7      | Found a bloodstained altar of Trog.
  8147 | D:7      | Noticed a troll
  8150 | D:7      | Killed a troll
  8301 | D:7      | Noticed Menkaure
  8304 | D:7      | Killed Menkaure
  8916 | D:8      | Reached XP level 10. HP: 52/54 MP: 11/14
  8981 | D:8      | Reached skill level 1 in Armour
  9128 | D:8      | Noticed a two-headed ogre
  9176 | D:8      | Killed a two-headed ogre
 10492 | Temple   | Entered the Ecumenical Temple
 10537 | Temple   | Became a worshipper of Vehumet
 10851 | D:9      | Reached skill level 5 in Spellcasting
 11674 | D:9      | Noticed Maurice
 11721 | D:10     | Entered Level 10 of the Dungeon
 11726 | D:10     | Reached skill level 5 in Armour
 11726 | D:10     | Reached XP level 11. HP: 50/63 MP: 6/19
 11915 | D:10     | Found a hazy altar of Hepliaklqana.
 12052 | D:10     | Reached * piety under Vehumet
 12052 | D:10     | Offered knowledge of Shock by Vehumet.
 12244 | D:10     | Found a staircase to the Lair.
 12467 | D:10     | Noticed Joseph
 12477 | D:10     | Killed Joseph
 12564 | D:10     | Found a runed translucent door.
 12566 | D:10     | Noticed a cyclops
 12566 | D:10     | Noticed a skeletal warrior
 12567 | D:10     | Noticed a yaktaur captain
 12567 | D:10     | Noticed a great orb of eyes
 12568 | D:10     | Noticed a lich
 12569 | D:10     | Noticed a skeletal warrior
 12569 | D:10     | Noticed a necromancer
 12570 | D:10     | Noticed a skeletal warrior
 12571 | D:10     | Noticed gameguard's ghost (novice DsBr)
 12574 | D:10     | Found a runed translucent door.
 13192 | Lair:1   | Entered Level 1 of the Lair of Beasts
 13320 | Lair:1   | Reached skill level 8 in Earth Magic
 13321 | Lair:1   | Reached skill level 10 in Fighting
 14058 | Lair:2   | Noticed a four-headed hydra
 14111 | Lair:1   | Killed a four-headed hydra
 14112 | Lair:1   | Reached skill level 9 in Earth Magic
 14315 | Lair:2   | Reached XP level 12. HP: 42/71 MP: 10/21
 14372 | Lair:1   | Offered knowledge of Searing Ray by Vehumet.
 14506 | Lair:2   | Reached ** piety under Vehumet
 14782 | Lair:2   | Noticed a six-headed hydra
 14797 | Lair:2   | Killed a six-headed hydra
 14798 | Lair:2   | Reached skill level 10 in Earth Magic
 16169 | D:11     | Noticed a two-headed ogre
 16451 | D:11     | Offered knowledge of Mephitic Cloud by Vehumet.
 16458 | D:11     | Noticed Sonja
 16963 | D:11     | Reached *** piety under Vehumet
 16964 | D:11     | Reached skill level 10 in Armour
 17043 | D:11     | Found a staircase to the Orcish Mines.
 17057 | Orc:1    | Entered Level 1 of the Orcish Mines
 17065 | Orc:1    | Noticed an orc high priest
 17083 | D:11     | Killed an orc high priest
 17300 | Orc:2    | Entered Level 2 of the Orcish Mines
 17361 | Orc:2    | Offered knowledge of Conjure Flame by Vehumet.
 17606 | Orc:2    | Reached **** piety under Vehumet
 17848 | Orc:2    | Offered knowledge of Airstrike by Vehumet.
 18055 | Orc:2    | Reached XP level 13. HP: 69/78 MP: 16/22
 18240 | Orc:2    | Reached skill level 11 in Earth Magic
 18370 | Orc:2    | Found a staircase to the Elven Halls.
 18537 | Orc:2    | Found Upnav's Jewellery Boutique.
 18547 | Orc:2    | Paralysed by an orc sorcerer for 3 turns
 18629 | Orc:2    | Lost mutation: Your flesh is cold resistant. (rC+) [potion
                  | of mutation]
 18629 | Orc:2    | Lost mutation: You are frail. (-10% HP) [potion of
                  | mutation]
 18629 | Orc:2    | Lost mutation: You are agile. (Dex +2) [potion of mutation]
 18629 | Orc:2    | Gained mutation: You are somewhat resistant to further
                  | mutation. [potion of mutation]
 18629 | Orc:2    | Gained mutation: Armour fits poorly on your strangely
                  | shaped body. [potion of mutation]
 19095 | Orc:2    | Found Plog's General Store.
 19095 | Orc:2    | Found Qaucirche's Distillery.
 19095 | Orc:2    | Found Jorriahi's Book Boutique.
 19477 | D:11     | Reached skill level 12 in Earth Magic
 19834 | Orc:2    | Bought a Trismegistus Codex for 420 gold pieces
 19834 | Orc:2    | Bought a book of Transfigurations for 600 gold pieces
 19838 | Orc:2    | Learned a level 3 spell: Ignite Poison
 19844 | Orc:2    | Learned a level 5 spell: Irradiate
 19871 | Orc:2    | Reached skill level 1 in Transmutations
 20246 | Lair:3   | Found a hole to the Spider Nest.
 20364 | Lair:3   | Reached ***** piety under Vehumet
 20370 | Lair:3   | Offered knowledge of Conjure Ball Lightning by Vehumet.
 20623 | Lair:3   | Found a staircase to the Snake Pit.
 21642 | Lair:4   | Reached skill level 5 in Transmutations
 22161 | Lair:4   | Gained mutation: Your large and strong wings let you fly.
                  | [Gargoyle growth]
 22161 | Lair:4   | Reached XP level 14. HP: 95/95 MP: 10/23
 23725 | Lair:6   | Entered Level 6 of the Lair of Beasts
 25651 | Lair:6   | Found a staircase to the Slime Pits.
 25651 | Lair:6   | Found a viscous altar of Jiyva.
 26619 | Lair:6   | Reached skill level 10 in Conjurations
 26709 | Lair:6   | Lost mutation: You have sharp toenails. [potion of
                  | mutation]
 26709 | Lair:6   | Lost mutation: Armour fits poorly on your strangely shaped
                  | body. [potion of mutation]
 26709 | Lair:6   | Lost mutation: You are somewhat resistant to further
                  | mutation. [potion of mutation]
 26709 | Lair:6   | Gained mutation: Your spells are a little harder to cast,
                  | but a little more powerful. [potion of mutation]
 27369 | D:11     | Noticed Urug
 27382 | D:11     | Killed Urug
 27528 | D:11     | Found a runed translucent door.
 27535 | D:11     | Found a runed translucent gate.
 27536 | D:11     | Identified the +6 whip "Suditz" {venom, Str+3 Dex+3}
 27537 | D:11     | Found a runed translucent gate.
 27539 | D:11     | Found a runed translucent gate.
 27539 | D:11     | Found a runed translucent gate.
 27539 | D:11     | Found a runed translucent gate.
 27542 | D:11     | Found a runed translucent gate.
 28073 | D:11     | Identified the ring "Fephun" {MP+9 Int+4}
 28309 | D:12     | Found Yhuthrag's Antique Weapon Shop.
 28419 | D:12     | Reached XP level 15. HP: 80/100 MP: 24/24
 28825 | D:12     | You are sucked into a shaft and drop 1 floor!
 28825 | D:13     | Noticed Jorgrun
 28825 | D:13     | Found Juihem's Book Emporium.
 28834 | D:13     | Killed Jorgrun
 29000 | D:13     | Reached skill level 13 in Earth Magic
 29498 | D:13     | Reached ****** piety under Vehumet
 30022 | D:14     | Found a gate leading to a gauntlet.
 30029 | Gauntlet | Entered a Gauntlet
 30029 | Gauntlet | Found a transporter.
 30029 | Gauntlet | Found a runed translucent gate.
 30029 | Gauntlet | Found a transporter.
 30029 | Gauntlet | Found a runed translucent gate.
 30029 | Gauntlet | Found a runed translucent gate.
 30029 | Gauntlet | Found a transporter.
 30041 | Gauntlet | Found a transporter.
 30044 | Gauntlet | Found a transporter.
 30052 | Gauntlet | Found a transporter.
 30055 | Gauntlet | Found a transporter.
 30063 | Gauntlet | Found a transporter.
 30083 | Gauntlet | Found a transporter.
 30103 | Gauntlet | Found a transporter.
 30104 | Gauntlet | Found a transporter.
 30106 | Gauntlet | Found a runed translucent gate.
 30107 | Gauntlet | Found a large runed translucent door.
 30107 | Gauntlet | Found a large runed translucent door.
 30107 | Gauntlet | Found a runed translucent gate.
 30108 | Gauntlet | Found a large runed translucent door.
 30109 | Gauntlet | Found a large runed translucent door.
 30110 | Gauntlet | Found a large runed translucent door.
 30110 | Gauntlet | Found a large runed translucent door.
 30110 | Gauntlet | Found a runed translucent door.
 30111 | Gauntlet | Found a large runed translucent door.
 30112 | Gauntlet | Found a large runed translucent door.
 30115 | Gauntlet | Found a transporter.
 30155 | Gauntlet | Found a large runed translucent door.
 30156 | Gauntlet | Found a large runed translucent door.
 30157 | Gauntlet | Found a large runed translucent door.
 30157 | Gauntlet | Found a large runed translucent door.
 30157 | Gauntlet | Found a runed translucent door.
 30158 | Gauntlet | Found a large runed translucent door.
 30159 | Gauntlet | Found a large runed translucent door.
 30160 | Gauntlet | Found a large runed translucent door.
 30160 | Gauntlet | Found a large runed translucent door.
 30161 | Gauntlet | Found a runed translucent gate.
 30301 | Gauntlet | Identified a scroll of acquirement
 30302 | Gauntlet | Acquired the ring "Miqyddee" {rElec rF+ Will+ Int+2 Dex+3}
 30411 | Gauntlet | Identified the +0 pair of boots "Ywuej" {rC+ Str+3 Int-2}
 30866 | D:14     | Reached skill level 14 in Earth Magic
 31135 | D:14     | Offered knowledge of Lee's Rapid Deconstruction by Vehumet.
 31142 | D:14     | Learned a level 5 spell: Lee's Rapid Deconstruction
 31195 | D:14     | Found a gate to the Vaults.
 31929 | D:15     | Entered Level 15 of the Dungeon
 31948 | D:15     | Found a flickering gateway to a bazaar.
 31962 | Bazaar   | Entered a bazaar
 32016 | Bazaar   | Found Mytemu's Assorted Antiques.
 32031 | Bazaar   | Found Kuxtuud's Antique Weapon Boutique.
 32038 | Bazaar   | Found Ecloseusk's Assorted Antiques.
 32045 | Bazaar   | Found Ewkixkex's Assorted Antiques.
 32672 | D:15     | Found a transporter.
 32672 | D:15     | Found a transporter.
 32673 | D:15     | Noticed Sexan's ghost (journeyman TrBe)
 32711 | D:15     | Reached skill level 15 in Earth Magic
 33410 | D:15     | Reached XP level 16. HP: 96/106 MP: 12/25
 33513 | D:15     | Found a staircase to the Depths.
 33714 | D:15     | Upgraded the game from 0.28-a0-1429-gf3d713df7a to
                  | 0.28-a0-1435-g82390b3a13
 33952 | Spider:1 | Entered Level 1 of the Spider Nest
 34312 | Spider:1 | Found a frozen archway.
 34340 | IceCv    | Entered an ice cave
 34344 | IceCv    | Offered knowledge of Ozocubu's Refrigeration by Vehumet.
 34371 | IceCv    | Reached skill level 16 in Earth Magic
 34562 | IceCv    | Reached skill level 5 in Shields
 35605 | IceCv    | Noticed a shard shrike
 35612 | IceCv    | Killed a shard shrike
 35613 | IceCv    | Reached skill level 17 in Earth Magic
 35961 | Spider:1 | Offered knowledge of Eringya's Noxious Bog by Vehumet.
 35970 | Spider:1 | Learned a level 6 spell: Eringya's Noxious Bog
 36600 | Spider:2 | Noticed Kirke
 36777 | Spider:2 | Reached XP level 17. HP: 111/111 MP: 26/26
 36884 | Spider:1 | Killed Kirke
 37300 | Spider:2 | Offered knowledge of Yara's Violent Unravelling by Vehumet.
 38116 | Spider:3 | Noticed Arachne
 38126 | Spider:3 | Killed Arachne
 38129 | Spider:3 | Reached skill level 10 in Poison Magic
 39145 | Spider:4 | Entered Level 4 of the Spider Nest
 40251 | D:9      | Found a burning altar of Makhleb.
 40251 | D:9      | Noticed an Executioner
 40426 | D:3      | Bought the +3 pearl dragon scales of Voamaan {rN+ Int+5}
                  | for 1582 gold pieces
 41565 | Spider:4 | Offered knowledge of Iron Shot by Vehumet.
 41588 | Spider:4 | Learned a level 6 spell: Iron Shot
 41754 | Spider:4 | Noticed Asterion
 41763 | Spider:4 | Killed Asterion
 41764 | Spider:4 | Reached skill level 15 in Armour
 41882 | Spider:4 | Got a gossamer rune of Zot
 42314 | Snake:1  | Entered Level 1 of the Snake Pit
 42790 | Snake:1  | Identified the +0 chain mail "Nitwoica" {Will- Str+5 Slay+3
                  | SInv}
 43007 | Snake:1  | Reached XP level 18. HP: 116/116 MP: 28/31
 43718 | Snake:1  | Found Daiwuon's Weapon Shoppe.
 43721 | Snake:1  | Found Woyre's Assorted Antiques.
 43721 | Snake:1  | Found Quffiol's Magic Scroll Shoppe.
 43723 | Snake:1  | Noticed Josephine
 43732 | Snake:1  | Killed Josephine
 43789 | Snake:1  | Found Zianiylouco's General Store.
 45178 | Snake:2  | Reached skill level 10 in Spellcasting
 45255 | Snake:2  | Identified the ring "Huvoesi" {Fly Will+ rCorr SInv}
 45805 | Snake:2  | Found Lufil's Antique Weapon Shop.
 45992 | Snake:3  | Offered knowledge of Lehudib's Crystal Spear by Vehumet.
 46218 | Snake:2  | Learned a level 7 spell: Orb of Destruction
 46384 | Snake:3  | Noticed Donald
 46391 | Snake:3  | Killed Donald
 47463 | Snake:3  | Noticed Meicwirr's ghost (adept OgTm)
 47465 | Snake:3  | Found a runed translucent door.
 47618 | Snake:3  | Noticed Vashnia
 47640 | Snake:3  | Killed Vashnia
 48024 | Snake:3  | Killed Meicwirr's ghost
 48190 | Snake:4  | Entered Level 4 of the Snake Pit
 48455 | Snake:4  | Found Wocaluklua's Antique Weapon Emporium.
 48693 | Snake:4  | Found Vukue's Specific Store.
 48693 | Snake:4  | Found Memewion's General Store.
 49123 | Snake:4  | Found Imuahio's Jewellery Shop.
 49124 | Snake:4  | Found Awikon's Book Shoppe.
 49124 | Snake:4  | Found Rimoacw's Book Shoppe.
 49169 | Snake:4  | Offered knowledge of Fire Storm by Vehumet.
 49169 | Snake:4  | Offered knowledge of Shatter by Vehumet.
 49169 | Snake:4  | Offered knowledge of Chain Lightning by Vehumet.
 49572 | Snake:4  | Reached XP level 19. HP: 122/122 MP: 7/34
 49741 | Snake:4  | Learned a level 9 spell: Shatter
 50248 | Snake:4  | Got a serpentine rune of Zot
 50469 | D:11     | Killed Sonja
 50564 | Elf:1    | Entered Level 1 of the Elven Halls
 50723 | Elf:1    | Reached skill level 18 in Earth Magic
 50806 | Elf:1    | Found Wiumm's Assorted Antiques.
 50855 | Elf:1    | Bought a potion of invisibility for 264 gold pieces
 51921 | Elf:1    | Reached skill level 19 in Earth Magic
 52910 | Elf:2    | Found a runed translucent door.
 52910 | Elf:2    | Found a shimmering altar of Xom.
 52910 | Elf:2    | Noticed taxman66's ghost (adept DrFE)
 52911 | Elf:2    | Identified the +6 battleaxe "Tadduaga" {chaos, *Slow rN+++
                  | Dex-5 Stlth+}
 52968 | Elf:2    | Found Relujufo's Neck Hole.
 52974 | Elf:2    | Bought a scarf of repulsion for 180 gold pieces
 53138 | Elf:2    | Paralysed by an air elemental for 1 turns
 53142 | Elf:2    | Paralysed by an air elemental for 1 turns
 53286 | Elf:2    | Found a runed translucent gate.
 53286 | Elf:2    | Found a runed translucent gate.
 53287 | Elf:2    | Found a runed translucent gate.
 53512 | Elf:2    | Reached skill level 20 in Earth Magic
 54079 | Elf:3    | Entered Level 3 of the Elven Halls
 54884 | Elf:3    | Reached skill level 21 in Earth Magic
 55277 | Elf:3    | Paralysed by an air elemental for 1 turns
 55431 | Elf:3    | Identified the +8 glaive "Piebof Ruwen" {vorpal, rF+ Will+
                  | Int-4 Stlth+}
 55504 | Elf:3    | Reached XP level 20. HP: 128/128 MP: 17/35
 55596 | Elf:3    | Reached skill level 22 in Earth Magic
 55598 | Elf:3    | Identified the +7 war axe of Pestilence {vorpal, Str+2
                  | Int+4}
 55598 | Elf:3    | Identified the ring of Jyxum Nobeps {rElec rCorr MP+9 Str-4
                  | Dex-4}
 55738 | Elf:3    | Identified the +5 battleaxe of the Magi {vorpal, SInv}
 55783 | Elf:3    | Identified the ring "Gecsaral" {rPois rC+ Will+ rCorr}
 56231 | Elf:3    | Noticed a Brimstone Fiend
 56575 | Elf:3    | Got Atuohug's Papyrus of Fiery Poison
 56578 | Elf:3    | Identified the +9 hunting sling "Saucror" {vorpal, Fly rF+
                  | rN+ Stlth+}
 57075 | Vaults:1 | Entered Level 1 of the Vaults
 57217 | Vaults:1 | Reached skill level 23 in Earth Magic
 57965 | Vaults:1 | Found Ostego Osud's Assorted Antiques.
 57976 | Vaults:1 | Bought a potion of heal wounds for 175 gold pieces
 57976 | Vaults:1 | Bought a potion of curing for 105 gold pieces
 57976 | Vaults:1 | Bought a scroll of blinking for 262 gold pieces
 58257 | Vaults:1 | Reached skill level 24 in Earth Magic
 58916 | Vaults:1 | You are sucked into a shaft and drop 1 floor!
 59126 | Vaults:2 | Found a staircase to the Crypt.
 59637 | Vaults:2 | Found a transporter.
 59637 | Vaults:2 | Noticed a profane servitor
 59781 | Vaults:2 | Found a transporter.
 59798 | Vaults:2 | Found a one-way gate to the infinite horrors of the Abyss.
 59798 | Vaults:2 | Noticed Wetuzyl's ghost (veteran DrFi)
 59936 | Vaults:2 | Found Fonobb's Jewellery Boutique.
 60226 | Vaults:2 | Found a portal to a secret trove of treasure.
 60512 | Vaults:2 | Reached skill level 25 in Earth Magic
 60963 | Vaults:3 | Reached XP level 21. HP: 132/132 MP: 35/36
 62064 | Vaults:3 | Noticed Frederick
 62066 | Vaults:3 | Killed Frederick
 62067 | Vaults:3 | Reached skill level 26 in Earth Magic
 62285 | Vaults:3 | Identified the +4 whip of Sosh {freeze, rF+ rC- Int+7}
 62957 | Vaults:4 | Reached skill level 27 in Earth Magic
 63201 | Vaults:4 | Reached skill level 5 in Dodging
 63347 | Vaults:4 | Reached skill level 15 in Fighting
 64049 | Vaults:4 | Found Foikh's Distillery.
 64057 | Vaults:4 | Bought a potion of heal wounds for 95 gold pieces
 64057 | Vaults:4 | Bought a potion of haste for 190 gold pieces
 64057 | Vaults:4 | Bought a potion of resistance for 190 gold pieces
 64057 | Vaults:4 | Bought a potion of mutation for 152 gold pieces
 64057 | Vaults:4 | Bought a potion of magic for 152 gold pieces
 64057 | Vaults:4 | Bought a potion of curing for 57 gold pieces
 64515 | Depths:1 | Entered Level 1 of the Depths
 64798 | Depths:2 | Reached XP level 22. HP: 141/141 MP: 32/37
 64804 | Depths:2 | Noticed a juggernaut
 65448 | Depths:2 | Killed a juggernaut
 65644 | Depths:2 | Found a gateway to Hell.
 65656 | Hell     | Entered the Vestibule of Hell
 65656 | Hell     | Noticed Geryon
 65672 | Hell     | Killed Geryon
 66285 | Vaults:2 | You paid a toll of the horn of Geryon to enter a treasure
                  | trove
 66286 | Trove    | Entered a treasure trove
 66293 | Trove    | Identified the +0 cloak of the Game of Kings {+Blink rPois
                  | rC++ rCorr}
 66304 | Trove    | Identified the ring "Huas" {rPois rF+ rCorr Int-5 Dex-5}
 66307 | Trove    | Identified the ring "Ulipeu" {rPois rF+ rC+ Str+6 Int-3}
 66731 | Slime:1  | Entered Level 1 of the Pits of Slime
 67161 | Slime:5  | Entered Level 5 of the Pits of Slime
 67195 | Slime:5  | Noticed the Royal Jelly
 67202 | Slime:5  | Killed the Royal Jelly
 67203 | Slime:5  | Reached skill level 10 in Dodging
 67210 | Slime:5  | Reached XP level 23. HP: 128/152 MP: 32/39
 67339 | Slime:5  | Identified the +1 long sword "Wugun" {vorpal, Will+ Str+4
                  | Int+4}
 67344 | Slime:5  | Found the +5 scythe "Finisher" {speed, eviscerate}
 67345 | Slime:5  | Found the brooch of Shielding {Spirit SH+8}
 67349 | Slime:5  | Identified the +4 great mace "Eviscerator" {holy, Int-2
                  | Dex+5}
 67352 | Slime:5  | Got a slimy rune of Zot
 67379 | Slime:5  | Identified the +3 short sword "Xemnem" {vorpal, Int+3 Dex+3
                  | Stlth-}
 67389 | Slime:5  | Identified the +6 falchion of Causality {flame, +Blink
                  | rElec rPois rC+}
 67391 | Slime:5  | Identified the +8 chain mail of the Pit {rF+ MP+9 Int+2}
 67802 | Depths:3 | Found Geleelul's Jewellery Emporium.
 67840 | Depths:2 | Found Fereydun's Dragon-Slaying Spoils.
 68396 | Depths:2 | Noticed a juggernaut
 68550 | Depths:2 | Killed a juggernaut
 68825 | Depths:2 | Noticed a caustic shrike
 68828 | Depths:2 | Killed a caustic shrike
 69194 | Depths:2 | Identified the +1 long sword "Ogre's Bane" {vorpal, rC+ rN+
                  | Dex+3 Stlth+}
 69348 | Depths:3 | Noticed a juggernaut
 69356 | Depths:3 | Killed a juggernaut
 69885 | Depths:4 | Entered Level 4 of the Depths
 69893 | Depths:4 | Identified the ring "Cushry Yhimo" {rCorr Int+4}
 70184 | Depths:4 | Paralysed by a great orb of eyes for 5 turns
 70432 | Depths:4 | Reached XP level 24. HP: 121/161 MP: 14/40
 70967 | Depths:4 | Found a gate to the Realm of Zot.
 71232 | Zot:1    | Entered Level 1 of the Realm of Zot
 71445 | Zot:1    | Noticed an orb of fire
 71448 | Zot:1    | Killed an orb of fire
 72349 | Zot:1    | Reached skill level 15 in Spellcasting
 73994 | Zot:3    | Reached XP level 25. HP: 132/168 MP: 18/42
 74200 | Zot:5    | Entered Level 5 of the Realm of Zot
 74590 | Zot:5    | Noticed an orb of fire
 74594 | Zot:5    | Killed an orb of fire
 75190 | Zot:5    | Noticed a dread lich
 75260 | Zot:5    | Noticed an ancient lich
 75261 | Zot:5    | Killed an ancient lich
 75263 | Zot:5    | Killed a dread lich
 75266 | Zot:5    | Noticed an orb of fire
 75267 | Zot:5    | Gained mutation: You are weak. (Str -2) [an orb of fire]
 75272 | Zot:5    | Killed an orb of fire
 75272 | Zot:5    | Noticed an orb of fire
 75274 | Zot:5    | Gained mutation: Armour fits poorly on your strangely
                  | shaped body. [an orb of fire]
 75277 | Zot:5    | Gained mutation: You have hidden genetic defects. [an orb
                  | of fire]
 75278 | Zot:5    | Killed an orb of fire
 75283 | Zot:5    | Lost mutation: You are weak. (Str -2) [potion of mutation]
 75283 | Zot:5    | Lost mutation: You have hidden genetic defects. [potion of
                  | mutation]
 75283 | Zot:5    | Gained mutation: Your magical capacity is low. (-10% MP)
                  | [potion of mutation]
 75283 | Zot:5    | Gained mutation: You have a pair of small antennae on your
                  | head. [potion of mutation]
 75283 | Zot:5    | Gained mutation: You sometimes lose the ability to read
                  | scrolls when taking damage. [potion of mutation]
 75283 | Zot:5    | Gained mutation: Your mind is acute. (Int +2) [potion of
                  | mutation]
 75284 | Zot:5    | Lost mutation: Armour fits poorly on your strangely shaped
                  | body. [potion of mutation]
 75284 | Zot:5    | Lost mutation: Your magical capacity is low. (-10% MP)
                  | [potion of mutation]
 75284 | Zot:5    | Lost mutation: Your spells are a little harder to cast, but
                  | a little more powerful. [potion of mutation]
 75284 | Zot:5    | Gained mutation: You are weak. (Str -2) [potion of
                  | mutation]
 75284 | Zot:5    | Gained mutation: You are very weak. (Str -4) [potion of
                  | mutation]
 75284 | Zot:5    | Lost mutation: You are very weak. (Str -4) [potion of
                  | mutation]
 75284 | Zot:5    | Noticed an orb of fire
 75284 | Zot:5    | Noticed a Killer Klown
 75290 | Zot:5    | Noticed a Killer Klown
 75291 | Zot:5    | Killed an orb of fire
 75293 | Zot:5    | Killed a Killer Klown
 75307 | Zot:5    | Noticed a Killer Klown
 75461 | Zot:4    | Lost mutation: You have a pair of small antennae on your
                  | head. [potion of mutation]
 75461 | Zot:4    | Lost mutation: You sometimes lose the ability to read
                  | scrolls when taking damage. [potion of mutation]
 75461 | Zot:4    | Lost mutation: You are weak. (Str -2) [potion of mutation]
 75461 | Zot:4    | Gained mutation: You have a pair of small horns on your
                  | head. [potion of mutation]
 75461 | Zot:4    | Gained mutation: You are agile. (Dex +2) [potion of
                  | mutation]
 75461 | Zot:4    | Gained mutation: Your mind is very acute. (Int +4) [potion
                  | of mutation]
 75461 | Zot:4    | Gained mutation: Your muscles are strong. (Str +2) [potion
                  | of mutation]
 75466 | Zot:5    | Killed a Killer Klown
 75467 | Zot:5    | Killed a Killer Klown
 75668 | Zot:5    | Noticed an orb of fire
 75673 | Zot:5    | Killed an orb of fire
 75674 | Zot:5    | Reached skill level 15 in Dodging
 75728 | Zot:5    | Noticed an orb of fire
 75729 | Zot:5    | Noticed an orb of fire
 75730 | Zot:5    | Noticed a Killer Klown
 75735 | Zot:5    | Killed an orb of fire
 75736 | Zot:5    | Noticed an orb of fire
 75736 | Zot:5    | Noticed a Killer Klown
 75775 | Zot:5    | Killed an orb of fire
 75777 | Zot:5    | Noticed an orb of fire
 75783 | Zot:5    | Killed an orb of fire
 75784 | Zot:5    | Killed a Killer Klown
 75785 | Zot:5    | Gained mutation: You do not regenerate when monsters are
                  | visible. [an orb of fire]
 75789 | Zot:5    | Killed an orb of fire
 75791 | Zot:5    | Killed a Killer Klown
 76110 | Zot:5    | Noticed an ancient lich
 76127 | Zot:5    | Killed an ancient lich
 76312 | Zot:5    | Got the Orb of Zot
 76684 | D:12     | Noticed an ancient lich
 76685 | D:12     | Noticed Sesack the pandemonium lord
 76688 | D:12     | Reached XP level 26. HP: 172/174 MP: 45/45
 76688 | D:12     | Killed an ancient lich
 76689 | D:12     | Killed Sesack the pandemonium lord
 76856 | D:10     | Noticed Cuacat the pandemonium lord
 76857 | D:10     | Killed Cuacat the pandemonium lord
 76888 | D:9      | Noticed Puecrumm the pandemonium lord
 77132 | D:$      | Escaped with the Orb!

Illustrated notes

Levels and vault maps discovered:
D:1:      shiori_arrival_oz, layout_loops_ring, serial_shops,
          nicolae_shop_hallway_stairs
D:2:      layout_basic, shapermc_ecumenical_altar_gd, minivault_19
D:3:      layout_loops_corners, xom_redecorated, serial_shops, shop
D:4:      minmay_chambers_of_twos, layout_basic, nicolae_overflow_hidden_temple,
          minmay_temple_entry_enclosed_plants
D:5:      layout_basic, nicolae_gozag_cash_rules_everything_around_me
D:6:      layout_loops_ring, mainiacjoe_overflow_alcove_2,
          dancing_weapons_uskayaw, uniq_maggie
D:7:      layout_basic, mainiacjoe_overflow_boulevard, gammafunk_ghost_smash,
          small_statue_intersection, uniq_menkaure
D:8:      layout_basic, enter_bailey_8
D:9:      layout_layer_cave, mainiacjoe_overflow_tiny_flanked,
          makhleb_altar_promises_db, hangedman_abyss_or_decor_jellyfish_corner,
          uniq_maurice
D:10:     layout_basic, nicolae_overflow_crystal_walls,
          due_lair_maze_entry_diamond, muffindrake_ghost_dual_entry, uniq_joseph
D:11:     gammafunk_indiana_jones, layout_irregular_city, zombieorc2_lemuel,
          st_stairs_4, pond, uniq_urug, uniq_sonja
D:12:     layout_stronghold, serial_shops, nicolae_shop_window_shopping,
          uniq_rupert
D:13:     layout_long_grid, serial_shops, nicolae_shop_advertising_works
          [nicolae_subvault_shop_adworks], uniq_jorgrun
D:14:     layout_grid_maze, david_vaults_2, gauntlet_entry_generic
D:15:     grunt_enter_depths_hoard, layout_loops_cross, gammafunk_ghost_hive,
          serial_bayou_pond_b, serial_shops, bzr_entry_lakeside
Temple:   jpeg_temple_island
Lair:1:   layout_misc_corridors, grunt_megastairs_3
Lair:2:   layout_hall_layers, minmay_lair_oklob_items, roderic_carrion_pond,
          lemuel_fruit_tree
Lair:3:   layout_regular_city, dummy_snake_entry, spider_nest_entry_rubble,
          grunt_megastairs_4, serial_bayou_shore_b
Lair:4:   layout_regular_city, minmay_lair_oklob_bushes
Lair:5:   layout_gridlike, infiniplex_staircase_pool
Lair:6:   hangedman_lair_tendril_chambers, layout_layer_cave, slime_altar_1
Snake:1:  layout_chambers, serial_bayou_shore_b, grunt_megastairs_5,
          minmay_shoptagon, uniq_josephine
Snake:2:  layout_misc_corridors, minmay_shop_star, grunt_megastairs_2
Snake:3:  layout_misc_corridors, hellmonk_ghost_happy_afterlife, uniq_vashnia,
          uniq_donald
Snake:4:  minmay_snake_end_coiled, layout_gridlike, serial_shops,
          nicolae_shop_waterfront, nicolae_specific_store, minmay_shop_grove
Spider:1: layout_spider_delve, portal_ice_cave_entry_ice_statue_one
Spider:2: layout_spider_delve, hangedman_spider_tarantella_strand, uniq_kirke
Spider:3: layout_spider_delve, nicolae_spider_rock_and_or_roll, uniq_arachne
Spider:4: spider_rune_water, nicolae_spider_bzzzt, uniq_asterion
Slime:1:  layout_caves
Slime:2:  layout_caves
Slime:3:  layout_caves
Slime:4:  layout_caves, basic_altar, uniq_dissolution
Slime:5
Orc:1:    layout_caves, basic_altar, uniq_gastronok
Orc:2:    st_orc_elflike, layout_caves
Elf:1:    elf_arrival_001, layout_onion_city, serial_shops, shop
Elf:2:    nicolae_elf_blades_splatter_lattice
          [nicolae_blade_entry_crossed_weapons], layout_geoelf_diagonals,
          ebering_ghost_xom, nicolae_shop_sticking_my_neck_out
Elf:3:    nooodl_elf_gasket, layout_geoelf_castle
Vaults:1: ontoclasm_vaults_fault, grunt_vaults_hallway_long,
          ontoclasm_vaults_bender, nicolae_vaults_little_squares_1,
          vaults_room_fours, nicolae_vaults_sealed_display,
          vaults_mumra_chevron_long, v_misc_23, v_misc_5,
          nicolae_vaults_circle_grid_a, serial_ice_b, v_misc_23,
          grunt_vaults_hallway_short, layout_vaults_ring,
          serial_hangedman_research, serial_shops, shop
Vaults:2: gammafunk_ghost_abyssal_escape, nicolae_vaults_little_squares_6,
          v_misc_26, nicolae_vaults_little_squares_1, hangedman_vaults_stagger,
          nicolae_vaults_little_squares_4, vaults_dpeg_encased_lava,
          layout_vaults_omnigrid, minmay_crypt_entry_simple_box, enter_trove_6,
          serial_shops, shop
Vaults:3: ontoclasm_vaults_claustrophobia, vaults_room_large_hall,
          v_alt_pattern_6, vaults_mumra_hex, nicolae_vaults_branching_niches,
          ontoclasm_vaults_gateway, vaults_room_fours, nicolae_vaults_network_s,
          nicolae_vaults_mini_display_case, vaults_standard_mumra_x,
          nicolae_vaults_little_squares_2, layout_vaults_chaotic_city,
          uniq_frederick
Vaults:4: nicolae_vaults_puzzle_piece, v_misc_26,
          vaults_mumra_minichess_inversion, v_pattern_4, v_misc_16,
          vaults_mumra_minichess, hangedman_vaults_locks,
          nicolae_vaults_angled_halls, vaults_room_pools, vaults_dpeg_hooks,
          nicolae_vaults_little_squares_6, layout_vaults_omnibox, serial_shops,
          shop
Depths:1: layout_cave_shapes, grunt_mini_vestibule, grunt_ministairs_8,
          worldfamousw_hep_ancestral_shrine, serial_bayou_shore_a,
          grunt_megastairs_1
Depths:2: minmay_tearing_corner, layout_cave_shapes, grunt_pan_entry_spiral,
          pf_coc_iceberg, gammafunk_ghost_wrathful_warriors,
          nicolae_shop_dragon_depot
Depths:3: grunt_deathspiral_large, layout_cave_shapes, hell_entry,
          nicolae_abyss_entry_one_way_or_another, serial_shops, kennysheep_mini,
          kennysheep_nondescript, serial_sigils_hangedman_quiver
Depths:4: grunt_twist_and_shout, layout_honeycomb, enter_ziggurat_c, hell_entry,
          pan_entry, minmay_misc_feat_rugged, serial_shops,
          nicolae_inconvenience_store, uniq_jory
Hell
Zot:1:    lemuel_halls_of_wrath, layout_gridlike
Zot:2:    layout_gridlike, lemuel_lake_of_fire
Zot:3:    layout_cathedral_of_symmetry, nicolae_lava_and_water, st_stairs_10
Zot:4:    layout_concentric_octagons
Zot:5:    layout_cathedral_of_symmetry

Skill      XL: |  1  2  3  4  5  6  7  8  9 10 11 12 13 14 15 16 17 18 19 20 21 22 23 24 25 26 |
---------------+-------------------------------------------------------------------------------+-----
Conjurations   | 1 2 3 4 5 7 10 11 14 | 14.2
Earth Magic    | 4 5 6 7 9 10 12 15 17 21 25 27 | 27.0
Spellcasting   | 3 5 6 9 11 12 13 15 18 | 18.3
Fighting       | 1 4 6 9 10 12 13 14 15 18 19 20 | 20.0
Shields        | 1 4 7 |  7.8
Poison Magic   | 1 4 8 9 10 | 10.3
Armour         | 5 8 10 11 14 15 | 15.3
Transmutations | 5 7 8 9 |  9.2
Dodging        | 4 6 10 11 13 15 16 | 16.2
Stealth        | |  2.1

Action                   |  1- 3 |  4- 6 |  7- 9 | 10-12 | 13-15 | 16-18 | 19-21 | 22-24 | 25-27 || total
-------------------------+-------+-------+-------+-------+-------+-------+-------+-------+-------++-------
Melee: Dagger            |    35 |   152 |   178 |   496 |   179 |    74 |       |       |       ||  1114
       Punch             |       |     4 |     1 |       |       |       |       |       |       ||     5
       Staff             |       |       |       |       |       |   103 |    82 |    33 |     9 ||   227
       Headbutt          |       |       |       |       |       |       |       |       |     5 ||     5
 Cast: Sandblast         |    53 |    51 |    29 |    61 |    33 |       |       |       |       ||   227
       Stone Arrow       |       |     8 |    85 |   211 |   376 |    16 |       |       |       ||   696
       Olgreb's Toxic Ra |       |       |     1 |    73 |   139 |   114 |       |       |       ||   327
       Ignite Poison     |       |       |       |       |    77 |   145 |    21 |    10 |     7 ||   260
       Irradiate         |       |       |       |       |    25 |    75 |    25 |    28 |    18 ||   171
       Lee's Rapid Decon |       |       |       |       |    30 |   107 |    98 |     2 |     4 ||   241
       Eringya's Noxious |       |       |       |       |       |   106 |    50 |    23 |     8 ||   187
       Iron Shot         |       |       |       |       |       |    81 |   257 |   157 |    97 ||   592
       Orb of Destructio |       |       |       |       |       |    17 |    11 |    49 |    16 ||    93
       Shatter           |       |       |       |       |       |       |    72 |   189 |    26 ||   287
Evoke: Wand              |       |       |       |       |       |     4 |       |     2 |     2 ||     8
  Use: Scroll            |     1 |       |     7 |     2 |    20 |    14 |       |    11 |     8 ||    63
       Potion            |       |       |     7 |       |     2 |     8 |     2 |     8 |    15 ||    42
 Stab: Sleeping          |       |     4 |       |       |       |       |       |       |       ||     4
Armor: Robe              |    25 |    62 |    56 |       |       |       |       |       |       ||   143
       Skin              |       |       |     8 |       |       |       |       |       |       ||     8
       Troll leather arm |       |       |    23 |   384 |   340 |   316 |       |       |       ||  1063
       Pearl dragon scal |       |       |       |       |       |   280 |   258 |   151 |    58 ||   747
Dodge: Dodged            |    31 |   104 |   102 |   386 |   306 |   392 |   205 |   112 |    44 ||  1682
       Repelled          |       |       |       |       |       |       |     7 |       |       ||     7
Block: Buckler           |       |       |    18 |   164 |   107 |   197 |   108 |    58 |    23 ||   675

Table legend: (Time is in decaauts)
 A = Elapsed time spent in this place.
 B = Non-inter-level travel time spent in this place.
 C = Inter-level travel time spent in this place.
 D = Time resting spent in this place.
 E = Time spent auto-exploring this place.
 F = Levels seen in this place.
 G = Mean time per level.
                   A        B        C        D        E       F      G
               +--------+--------+--------+--------+--------+-----+--------+
         Total |  77286 |  71961 |   5325 |  10240 |  49003 |  58 | 1332.5 |
       Dungeon |  23094 |  20376 |   2718 |   1508 |  15522 |  15 | 1539.6 |
        Temple |     76 |     46 |     30 |      0 |     31 |   1 |   76.0 |
          Lair |   9995 |   9103 |    892 |    306 |   7414 |   6 | 1665.8 |
     Snake Pit |   8067 |   7784 |    283 |    487 |   5826 |   4 | 2016.8 |
   Spider Nest |   6349 |   5939 |    410 |   1544 |   3124 |   4 | 1587.2 |
    Slime Pits |    700 |    638 |     62 |    244 |    136 |   5 |  140.0 |
  Orcish Mines |   2772 |   2582 |    190 |    478 |   1573 |   2 | 1386.0 |
   Elven Halls |   6285 |   6142 |    143 |    316 |   4921 |   3 | 2095.0 |
        Vaults |   7537 |   7213 |    324 |    324 |   5917 |   4 | 1884.2 |
        Depths |   5188 |   5098 |     90 |   3835 |    388 |   4 | 1297.0 |
          Hell |    159 |    159 |      0 |     74 |     23 |   1 |  159.0 |
           Zot |   4967 |   4788 |    179 |   1123 |   2573 |   5 |  993.4 |
        Bazaar |    101 |    101 |      0 |      0 |     94 |   1 |  101.0 |
         Trove |     41 |     41 |      0 |      0 |      0 |   1 |   41.0 |
      Ice Cave |   1410 |   1410 |      0 |      0 |   1102 |   1 | 1410.0 |
      Gauntlet |    538 |    538 |      0 |      0 |    358 |   1 |  538.0 |
               +--------+--------+--------+--------+--------+-----+--------+

Top non-repeatable levels by time:
   Elf:3: 2685 daAuts
  Lair:6: 2604 daAuts
    D:11: 2455 daAuts
Vaults:3: 2322 daAuts
 Snake:1: 2250 daAuts
   Elf:1: 2248 daAuts
 Snake:4: 2137 daAuts
   Orc:2: 2113 daAuts
    D:10: 2102 daAuts
   Zot:1: 2012 daAuts
 Snake:3: 1981 daAuts
Vaults:1: 1965 daAuts
   Zot:5: 1920 daAuts
    D:15: 1899 daAuts
Vaults:2: 1835 daAuts
